 Dungeon Crawl Stone Soup version 0.30.1-11-g7821555f0a (webtiles) character file.

Game seed: 11508768224151700879

417 Eitelfritz the Slasher (level 6, -3/52 HPs)
             Began as a Minotaur Gladiator on Jan 5, 2024.
             Slain by a river rat (5 damage)
             ... in a sewer.
             The game lasted 00:06:35 (2395 turns).

Eitelfritz the Slasher (Minotaur Gladiator)         Turns: 2395, Time: 00:06:35

Health: -3/52      AC:  8    Str: 19    XL:     6   Next: 61%
Magic:  5/5        EV: 11    Int:  7    God:
Gold:   207        SH:  0    Dex: 11    Spells: 5/5 levels left

rFire   . . .        a - +1 long sword
rCold   . . .        (no shield)
rNeg    . . .        s - +0 scale mail
rPois   .            c - +0 hat
rElec   .            (no cloak)
rCorr   +            (no gloves)
SInv    .            w - +1 pair of boots
Will    .....        (no amulet) Stlth
                     h - ring of resist corrosion
HPRegen 0.28/turn    g - ring of flight
MPRegen 0.09/turn

%: no passive effects
@: flying
A: horns 2, retaliatory headbutt
a: no special abilities


You were in a sewer.
You visited 1 branch of the dungeon, and saw 4 of its levels.
You also visited: Sewer.

You collected 207 gold pieces.

Inventory:

Hand Weapons
 a - a +1 long sword (weapon)
 b - a +0 sling
 y - a +1 flail of holy wrath
Missiles
 d - 5 throwing nets (quivered)
 e - a javelin
 n - 9 poisoned darts
Armour
 c - a +0 hat (worn)
 s - a +0 scale mail (worn)
 w - a +1 pair of boots (worn)
Jewellery
 g - a ring of flight (right hand)
 h - a ring of resist corrosion (left hand)
 u - a ring of wizardry
Scrolls
 i - a scroll of poison
Potions
 f - 2 potions of might
 j - 3 potions of berserk rage
 k - a potion of degeneration {unknown}
 m - 2 potions of cancellation {unknown}
 r - 2 potions of curing
 t - a potion of invisibility {unknown}
 v - a potion of flight {unknown}


   Skills:
 + Level 4.0 Fighting
 + Level 6.9 Long Blades
 + Level 2.0 Throwing
 + Level 3.1 Armour
 + Level 4.3 Dodging
 + Level 0.3 Stealth


You had 5 spell levels left.
You didn't know any spells.
Your spell library was empty.

Dungeon Overview and Level Annotations

Branches:
Dungeon (4/15)              Sewer (1/1)
 Temple: D:4-7

Altars:
Gozag
Ru
Trog
The Shining One


Innate Abilities, Weirdness & Mutations

You have a pair of horns on your head.
You reflexively headbutt those who attack you in melee.


Message History

The river rat misses you. x2; You furiously retaliate!
You headbutt the river rat!
You kill the river rat!
The river rat bites you.
* * * LOW HITPOINT WARNING * * *
You feel much better. The river rat closely misses you.
You closely miss the river rat. Your headbutt misses the river rat.
The river rat barely misses you. You furiously retaliate!
You headbutt the river rat, but do no damage.
You hit the river rat but do no damage. The river rat bites you!
You hit the river rat but do no damage.
You headbutt the river rat, but do no damage.
The river rat bites you but does no damage.
You hit the river rat.
The river rat is lightly wounded.
The river rat bites you.
You barely miss the river rat.
The river rat is lightly wounded.
The river rat bites you!
* * * LOW HITPOINT WARNING * * *
You barely miss the river rat.
The river rat is lightly wounded.
The river rat bites you.
* * * LOW HITPOINT WARNING * * *
You barely miss the river rat.
The river rat is lightly wounded.
The river rat bites you.
* * * LOW HITPOINT WARNING * * *
You closely miss the river rat. Your punch misses the river rat.
The river rat is lightly wounded.
The river rat bites you.
* * * LOW HITPOINT WARNING * * *
You barely miss the river rat.
The river rat is lightly wounded.
The river rat bites you.
* * * LOW HITPOINT WARNING * * *
You hit the river rat but do no damage.
The river rat is lightly wounded.
The river rat bites you.
You die...

##### ##### .....## ###....#
.....####......+
##....r.......# ..
#......@......#
...##....†##†...~~#######≈
.........####†.≈≈≈≈≈≈≈≈≈≈≈
........##≈≈≈~~≈≈≈≈≈≈≈≈≈≈≈
......≈≈~~≈≈~†r≈≈≈≈≈≈≈≈≈≈≈≈≈≈
~≈≈≈~≈≈≈≈≈≈≈≈≈≈≈≈≈≈≈≈≈≈≈≈≈≈≈≈
~~≈~≈≈~≈≈≈≈≈≈≈≈≈≈≈≈≈≈≈≈≈≈≈≈≈≈≈≈
......~~≈≈≈≈≈≈≈≈≈≈≈≈≈≈≈≈≈≈≈≈≈≈≈
.......≈≈≈~≈K~K≈KK≈≈≈≈≈#######≈


You could see a river rat.

Vanquished Creatures
  A scorpion (D:4)
  3 jellies (D:3)
  An orc wizard (D:3)
  3 gnolls (D:3)
  4 adders (Sewer)
  3 river rats (Sewer)
  3 orcs
  5 ball pythons
  4 endoplasms
  5 giant cockroaches
  4 goblins
  11 hobgoblins
  3 kobolds
  3 quokkas (D:4)
  4 bats
  5 frilled lizards
  20 rats
82 creatures vanquished.

Notes
Turn   | Place    | Note
-------+----------+-------------------------------------------
     0 | D:1      | Eitelfritz the Minotaur Gladiator began the quest for the
                  | Orb.
     0 | D:1      | Reached XP level 1. HP: 18/18 MP: 0/0
   103 | D:1      | Reached skill level 4 in Long Blades
   249 | D:1      | Reached XP level 2. HP: 25/25 MP: 1/1
   739 | D:2      | Found a bloodstained altar of Trog.
   776 | D:2      | Reached XP level 3. HP: 30/30 MP: 2/2
   917 | D:2      | Found a faded altar of an unknown god.
  1325 | D:3      | Reached skill level 1 in Armour
  1440 | D:3      | Reached XP level 4. HP: 38/38 MP: 3/3
  1558 | D:3      | Found a glowing golden altar of the Shining One.
  1563 | D:3      | Reached skill level 5 in Long Blades
  1572 | D:3      | Reached XP level 5. HP: 15/45 MP: 4/4
  1791 | D:3      | Reached skill level 6 in Long Blades
  1872 | D:3      | Found a sacrificial altar of Ru.
  1878 | D:3      | Reached XP level 6. HP: 52/52 MP: 5/5
  1952 | D:3      | Identified the +9 dagger "Wacolimp" {freeze, rF- MP+9 Dex+5
                  | Stlth-}
  2207 | D:4      | Found an opulent altar of Gozag.
  2208 | D:4      | Found an opulent altar of Gozag.
  2208 | D:4      | Found an opulent altar of Gozag.
  2248 | D:4      | Found a glowing drain.
  2269 | Sewer    | Entered a sewer
  2394 | Sewer    | HP: 2/52 [river rat (2)]
  2395 | Sewer    | Slain by a river rat

Illustrated notes

Levels and vault maps discovered:
D:1:      nzn_arrival_crosshair, layout_rooms
D:2:      layout_rooms, hellmonk_ecumenical_altar_leap_of_faith, basic_altar,
          minmay_split_cup_large
D:3:      layout_rooms, mainiacjoe_overflow_24_doors,
          nicolae_ru_great_annihilating_truth
D:4:      layout_basic, mainiacjoe_overflow_alcove_4,
          nicolae_gozag_conspicuous_consumption, portal_sewer_entry_f,
          serial_bayou, serial_bayou_crossing, serial_bayou_pond_a,
          serial_bayou_ford_a, serial_bayou_lake_a, serial_bayou_pond_b,
          kennysheep_generic_room_7
Sewer:    sewer_minmay_treatment

Skill      XL: |  1  2  3  4  5  6 |
---------------+-------------------+-----
Long Blades    | 4 5 6 |  6.9
Dodging        | 4 |  4.3
Fighting       | 3 4 |  4.0
Armour         | 1 2 3 |  3.1
Throwing       | |  2.0
Stealth        | |  0.3

Action                     |  1- 3 |  4- 6 || total
---------------------------+-------+-------++-------
  Melee: Long sword        |   103 |   123 ||   226
         Headbutt          |    14 |    15 ||    29
         Punch             |     2 |     1 ||     3
    Use: Scroll            |       |     8 ||     8
         Potion            |       |     4 ||     4
   Stab: Paralysed         |       |     1 ||     1
 Armour: Leather armour    |     5 |       ||     5
         Ring mail         |    22 |       ||    22
         Scale mail        |    14 |    68 ||    82
  Dodge: Dodged            |    63 |    88 ||   151
